 Dungeon Crawl Stone Soup version 0.32-a0-898-g7811c86cf0 (webtiles) character file.

Game seed: 17373194880341223141

56 DEFE the Chopper (level 3, -2/29 HPs)
             Began as a Coglin Fighter on Apr 4, 2024.
             Slain by Natasha (4 damage)
             ... on level 3 of the Dungeon.
             The game lasted 00:01:10 (1455 turns).

DEFE the Chopper (Coglin Fighter)                   Turns: 1455, Time: 00:01:11

Health: -2/29      AC:  7    Str: 18    XL:     3   Next: 95%
Magic:  3/3        EV:  8    Int:  7    God:
Gold:   69         SH:  4    Dex: 13    Spells: 2/2 levels left

rFire   . . .        a - +0 war axe {Yeongsuk}
rCold   . . .        c - +0 buckler
rNeg    . . .        b - +0 scale mail
rPois   .            (no helmet)
rElec   .            (no cloak)
rCorr   .            h - +0 pair of gloves
SInv    .            (no boots)
Will    .....        (amulet unavailable) Stlth
                     (ring unavailable)
HPRegen 0.24/turn    (ring unavailable)
MPRegen 0.08/turn    (no gizmo)

%: no passive effects
@: revved
A: off-hand wielding, slow wielding, warmup strikes, no jewellery
a: Invent Gizmo


You were on level 3 of the Dungeon.
You visited 1 branch of the dungeon, and saw 3 of its levels.

You collected 93 gold pieces.
You spent 24 gold pieces at shops.

Inventory:

Hand Weapons
 a - a +0 war axe (weapon) {Yeongsuk}
Armour
 b - a +0 scale mail (worn)
 c - a +0 buckler (worn)
 h - a +0 pair of gloves (worn)
Scrolls
 g - 2 scrolls of blinking
 j - a scroll of amnesia {unknown}
 k - 2 scrolls of teleportation {unknown}
 l - a scroll of summoning {unknown}
Potions
 d - a potion of might
 e - 5 potions of curing {unknown}
 f - a potion of heal wounds {unknown}
 i - 4 potions of attraction {unknown}


   Skills:
 - Level 3.0 Fighting
 + Level 4.1 Axes
 - Level 2.6 Armour
 - Level 2.1 Shields


You had 2 spell levels left.
You didn't know any spells.
Your spell library contained the following spells:

 Spells                   Type           Power      Damage    Failure   Level
 Necrotise                Necr           0%         1d4       88%         1
 Ensorcelled Hibernation  Hex/Ice        0%         N/A       96%         2
 Passwall                 Erth           0%         N/A       99%         3
 Swiftness                Air            0%         N/A       99%         3
 Vampiric Draining        Necr           0%         2d6       99%         3
 Leda's Liquefaction      Alch/Erth      0%         N/A       100%        4
 Martyr's Knell           Necr/Summ      0%         N/A       100%        4
 Petrify                  Alch/Erth      0%         N/A       100%        4
 Curse of Agony           Necr           0%         N/A       100%        5
 Metabolic Englaciation   Hex/Ice        0%         N/A       100%        5


Dungeon Overview and Level Annotations

Branches:
Dungeon (3/15)

Altars:

Shops:
D:1 !(*?=

Annotations:
D:3 Natasha


Innate Abilities, Weirdness & Mutations

You can wield a second weapon in your off-hand.
It takes a long time for you to wield or remove held weapons.
Your first few attacks do less damage.
You cannot equip rings or amulets.


Message History

You barely miss the cerulean imp.
The cerulean imp hits you but does no damage.
The cerulean imp hits you from afar with a +2 spear.
You block the cerulean imp's attack. Natasha barely misses you.
Unknown command.
You hit Natasha.
Natasha is moderately wounded.
You hit the cerulean imp. The cerulean imp barely misses you.
The cerulean imp hits you from afar with a +2 spear.
The cerulean imp hits you but does no damage.
Natasha claws you. You block the cerulean imp's attack.
Unknown command.
You hit Natasha.
Natasha is heavily wounded.
You hit the cerulean imp but do no damage.
The cerulean imp hits you from afar with a +2 spear.
The cerulean imp barely misses you. Natasha barely misses you.
The cerulean imp hits you but does no damage. x2
You block the cerulean imp's attack. You block Natasha's attack.
You closely miss Natasha.
Natasha is heavily wounded.
You closely miss the cerulean imp. The cerulean imp closely misses you.
The cerulean imp barely misses you. The cerulean imp closely misses you.
Natasha claws you but does no damage.
The cerulean imp hits you but does no damage.
Unknown command.
You closely miss Natasha.
Natasha is heavily wounded.
You miss the cerulean imp. The cerulean imp completely misses you.
You block the cerulean imp's attack.
Natasha stares at you and mumbles some strange words.
The magic dart hits you!
* * * LOW HITPOINT WARNING * * *
The cerulean imp barely misses you.
You barely miss Natasha.
Natasha is heavily wounded.
You miss the cerulean imp. You block the cerulean imp's attack. x2
Natasha claws you.
You die...
Natasha begins licking her fur clean.

### ## .... ..
.[##. ####### ....
......# #..
5.....#
..###..####.......
#......<.5@h......
#####..#####5.....
#.. #...# #.. ..#
#.. # #.. ... #.#


You could see Natasha and 3 cerulean imps.

Vanquished Creatures
  2 adders (D:2)
  3 dart slugs
  2 ribbon worms (D:2)
  A ball python (D:2)
  A giant cockroach (D:2)
  4 goblins
  3 hobgoblins
  3 bats
  A frilled lizard (D:2)
  5 kobolds
  5 rats
30 creatures vanquished.

Notes
Turn   | Place    | Note
-------+----------+-------------------------------------------
     0 | D:1      | DEFE the Coglin Fighter began the quest for the Orb.
     0 | D:1      | Reached XP level 1. HP: 18/18 MP: 1/1
    77 | D:1      | Found Ysamnagi's Antique Weapon Emporium.
    91 | D:1      | Found Feugrugo's Distillery.
   186 | D:1      | Found Enylug's Assorted Antiques.
   206 | D:1      | Found Nuniroz's Magic Scroll Shoppe.
   222 | D:1      | Bought a scroll of identify for 24 gold pieces
   275 | D:1      | Reached XP level 2. HP: 22/24 MP: 2/2
   401 | D:1      | Reached skill level 3 in Axes
   657 | D:1      | Found Bootooss's Jewellery Shop.
   985 | D:2      | Reached XP level 3. HP: 29/29 MP: 3/3
  1089 | D:2      | Reached skill level 4 in Axes
  1227 | D:2      | Found a faded altar of an unknown god.
  1439 | D:3      | Noticed Natasha
  1454 | D:3      | HP: 1/29 [Natasha/magic dart (10)]
  1455 | D:3      | Slain by Natasha

Illustrated notes

Levels and vault maps discovered:
D:1:      dpeg_arrival_leaves_temple_mockup, layout_loops_ring, serial_shops,
          nicolae_shop_tiny_waterfront, shop, shop, shop,
          nicolae_shop_rolling_square, corexii_item_surrounded_by_moat
D:2:      layout_loops_ring, ebering_ecumenical_altar_petrified, minivault_11,
          kennysheep_nondescript, minmay_tall_x
D:3:      layout_loops_ring, minmay_overflow_temple_star_quad,
          gammafunk_ghost_smash, eino_tiny_chamber, uniq_natasha

Skill      XL: |  1  2  3 |
---------------+----------+-----
Axes           | 3 4 |  4.1
Fighting       | |  3.0
Armour         | |  2.6
Shields        | |  2.1

Action                     || total
---------------------------++-------
  Melee: War axe           ||    88
    Use: Scroll            ||     1
 Armour: Scale mail        ||    80
  Dodge: Dodged            ||    42
  Block: Buckler           ||    36

Table legend: (Time is in decaauts)
 A = Elapsed time spent in this place.
 B = Non-inter-level travel time spent in this place.
 C = Inter-level travel time spent in this place.
 D = Time resting spent in this place.
 E = Time spent auto-exploring this place.
 F = Levels seen in this place.
 G = Mean time per level.
                   A        B        C        D        E       F      G
               +--------+--------+--------+--------+--------+-----+--------+
         Total |   1487 |   1421 |     66 |      0 |   1176 |   3 |  495.7 |
       Dungeon |   1487 |   1421 |     66 |      0 |   1176 |   3 |  495.7 |
               +--------+--------+--------+--------+--------+-----+--------+

Top non-repeatable levels by time:
     D:1: 809 daAuts
     D:2: 657 daAuts
     D:3: 19 daAuts
